 Dungeon Crawl Stone Soup version 0.29.0-4-gdea44cf6ec (webtiles) character file.

Game seed: 249979093030179559

73 qw the Chopper (level 4, -7/35 HPs)
             Began as a Demonspawn Cinder Acolyte on Sept 9, 2022.
             Was a High Priest of Ignis.
             Mangled by Crazy Yiuf
             ... wielding a +4 quarterstaff of chaos
              (12 damage)
             ... on level 3 of the Dungeon.
             The game lasted 00:00:45 (2080 turns).

qw the Chopper (Demonspawn Cinder Acolyte)          Turns: 2080, Time: 00:00:46

Health: -7/35      AC: 14    Str: 16    XL:     4   Next: 8%
Magic:  0/0        EV: 10    Int: 15    God:    Ignis [*****.]
Gold:   42         SH:  0    Dex:  9    Spells: 5/5 levels left

rFire   + . .      SeeInvis .   o - +0 hand axe (vamp)
rCold   + . .      Faith    .   (no shield)
rNeg    + . .      Spirit   .   g - +1 ring mail of Powerful Satisfaction {rC+ rN+ Will+ MP-9}
rPois   +          Reflect  .   (no helmet)
rElec   .          Harm     .   (no cloak)
rCorr   .          Rampage  .   c - +0 pair of gloves
Will    +....                   (no boots)
Stlth   ..........              (no amulet)
HPRegen 0.11/turn               h - ring of poison resistance
MPRegen 0.14/turn               (no ring)

@: about to teleport, fiery-armoured
A: ignite blood 1, magic regeneration
a: Renounce Religion, Fiery Armour, Foxfire Swarm, Rising Flame


You were on level 3 of the Dungeon.
You worshipped Ignis.
Ignis was extremely pleased with you.
You visited 1 branch of the dungeon, and saw 3 of its levels.

You collected 195 gold pieces.
You spent 153 gold pieces at shops.


Innate Abilities, Weirdness & Mutations

Your demonic aura sometimes causes spilled blood to erupt in flames.
You regenerate magic rapidly.


   Skills:
 - Level 3.0 Fighting
 - Level 4.5 Axes
 + Level 0.2 Dodging
 - Level 1.0 Spellcasting
 - Level 2.6 Fire Magic


You had 5 spell levels left.
You didn't know any spells.
Your spell library contained the following spells:

 Spells                   Type           Power      Damage    Failure   Level
 Scorch                   Fire           16%        2d6       24%         2

Inventory:

Hand Weapons
 o - a +0 vampiric hand axe (weapon)
 Y - a +0 hand axe of flaming
Armour
 c - a +0 pair of gloves (worn)
 d - a +2 tower shield of poison resistance
 g - the +1 ring mail of Powerful Satisfaction (worn) {rC+ rN+ Will+ MP-9}
   (You found it on level 1 of the Dungeon)

   rC:        It protects you from cold.
   rN:        It protects you from negative energy.
   MP:        It affects your magic capacity (-9).
   Will:      It increases your willpower.
 l - a +0 chain mail
Jewellery
 h - a ring of poison resistance (left hand)
Scrolls
 a - 2 scrolls of identify
 b - 2 scrolls of teleportation
 k - a scroll of noise {unknown}
Potions
 e - 2 potions of invisibility {unknown}
 f - a potion of flight {unknown}
 i - 2 potions of haste {unknown}
 j - a potion of might {unknown}
 m - a potion of cancellation {unknown}
 n - a potion of mutation {unknown}

Dungeon Overview and Level Annotations

Branches:
Dungeon (3/15)

Altars:

Shops:
D:3 *!

Annotations:
D:3 1 runed translucent door, Crazy Yiuf


Message History

You hit the orc but do no damage.
The orc hits you with a +2 morningstar of protection.
The orc hits you but does no damage. The orc completely misses you.
You hit the orc.
You feel better.
You kill the orc!
You completely miss the orc. You hit the orc.
You feel better. The orc barely misses you.
The orc hits you but does no damage.
You hit the orc.
You feel better.
You kill the orc!
You hit the orc but do no damage.
The orc hits you with a +2 morningstar of protection.
You hit the orc but do no damage. The orc barely misses you.
You barely miss the orc. The orc misses you.
You hit the orc.
The orc is heavily wounded.
The orc hits you with a +2 morningstar of protection.
You hit the orc but do no damage.
The orc is heavily wounded.
The orc closely misses you.
The orc hits you with a +2 morningstar of protection!
2077 ||| READING 4 scrolls of teleportation.
As you read the scroll of teleportation, it crumbles to dust.
You feel strangely unstable. The orc hits you but does no damage.
2078 ||| INVOKING Fiery Armour.
A protective cloak of flame settles atop you.
The orc hits you but does no damage.
You closely miss the orc.
The orc is heavily wounded.
Your surroundings suddenly seem different.
Crazy Yiuf the Enlightened comes into view.
He is wielding a +4 quarterstaff of chaos.
Found a hammer.
Crazy Yiuf shouts!
2080 ||| READING 3 scrolls of teleportation.
As you read the scroll of teleportation, it crumbles to dust.
You feel strangely unstable.
Crazy Yiuf hits you with a +4 quarterstaff of chaos!
You die...

#....^.....##..........#.....
#..........##................
#
#)........)......####........
###
#..........#####....###......
..###......##### ######
...... #..........# ......
#######....# ..... ##...#
##### #.... #..### #)g@#
.#... #.## #...+.# .... ###.#
#...##..# .... #####...##
##### #.# .... ...#.....## #
#... ..........## #...
...........# #...
..###.#....# #.##
..##'.#....# #. #


You could see Crazy Yiuf.

Vanquished Creatures
  2 adders
  A worm (D:2)
  3 orcs (D:3)
  2 bats
  4 endoplasms
  4 giant cockroaches
  6 goblins
  7 hobgoblins
  2 jackals (D:1)
  A quokka (D:1)
  4 ball pythons (D:1)
  A frilled lizard (D:2)
  2 kobolds (D:1)
  6 rats
45 creatures vanquished.

Notes
Turn   | Place    | Note
-------+----------+-------------------------------------------
     0 | D:1      | qw the Demonspawn Cinder Acolyte began the quest for the
                  | Orb.
     0 | D:1      | Reached XP level 1. HP: 18/18 MP: 2/2
     0 | D:1      | 0 ||| qw: Version: 0.1-a-113-g051387a
     0 | D:1      | 0 ||| qw: Game counter: 7089
     0 | D:1      | 0 ||| qw: Always use a shield: true
     0 | D:1      | 0 ||| qw: God list: Okawaru
     0 | D:1      | 0 ||| qw: Allow faded altars: false
     0 | D:1      | 0 ||| qw: Do Orc after D:15 true
     0 | D:1      | 0 ||| qw: Do second Lair branch before Depths: true
     0 | D:1      | 0 ||| qw: Lair rune preference: random
     0 | D:1      | 0 ||| qw: Plans: Normal
     0 | D:1      | 0 ||| PLANNING D:1-11
    26 | D:1      | 26 ||| Stepping ~*~*~tactically~*~*~ (stealth).
    77 | D:1      | Reached skill level 3 in Axes
   225 | D:1      | Gained mutation: Your demonic aura sometimes causes spilled
                  | blood to erupt in flames. [demonic ancestry]
   225 | D:1      | Reached XP level 2. HP: 24/24 MP: 3/3
   297 | D:1      | Found a faded altar of an unknown god.
   329 | D:1      | Identified the +1 ring mail of Powerful Satisfaction {rC+
                  | rN+ Will+ MP-9}
   464 | D:1      | 464 ||| INVOKING Fiery Armour.
   471 | D:1      | 471 ||| Stepping ~*~*~tactically~*~*~ (stealth).
   473 | D:1      | 473 ||| Stepping ~*~*~tactically~*~*~ (stealth).
   477 | D:1      | 477 ||| Stepping ~*~*~tactically~*~*~ (stealth).
   478 | D:1      | 478 ||| Stepping ~*~*~tactically~*~*~ (stealth).
   479 | D:1      | 479 ||| Stepping ~*~*~tactically~*~*~ (stealth).
   694 | D:1      | 694 ||| Stepping ~*~*~tactically~*~*~ (stealth).
   696 | D:1      | 696 ||| Stepping ~*~*~tactically~*~*~ (stealth).
   698 | D:1      | 698 ||| Stepping ~*~*~tactically~*~*~ (stealth).
   699 | D:1      | 699 ||| Stepping ~*~*~tactically~*~*~ (stealth).
   707 | D:1      | 707 ||| Stepping ~*~*~tactically~*~*~ (stealth).
   738 | D:1      | 738 ||| Stepping ~*~*~tactically~*~*~ (stealth).
  1008 | D:1      | 1008 ||| UPGRADING to +0 pair of gloves.
  1013 | D:1      | 1013 ||| UPGRADING to +0 leather armour.
  1023 | D:1      | 1023 ||| DROPPING +0 robe.
  1024 | D:1      | 1024 ||| UPGRADING to +1 ring mail of Powerful Satisfaction
                  | {rC+ rN+ Will+ MP-9}.
  1034 | D:1      | 1034 ||| DROPPING +0 leather armour.
  1035 | D:1      | 1035 ||| UPGRADING to ring of poison resistance.
  1036 | D:1      | 1036 ||| READING 2 scrolls labelled UWKEUT HAILYIV.
  1037 | D:1      | 1037 ||| READING scroll labelled CEOPOSHAICH.
  1038 | D:1      | 1038 ||| READING scroll labelled EGICWO USEL.
  1039 | D:1      | 1039 ||| READING scroll labelled YCALOB KECEKHU.
  1040 | D:1      | 1040 ||| READING scroll labelled JAYNIM FOE.
  1068 | D:2      | Reached skill level 4 in Axes
  1068 | D:2      | Reached XP level 3. HP: 28/29 MP: 0/4
  1760 | D:2      | 1760 ||| READING 3 scrolls labelled MEYGAKO ZEOTHA.
  1765 | D:2      | 1765 ||| READING 2 scrolls of identify.
  1765 | D:2      | 1765 ||| IDENTIFYING smoky inky potion
  1766 | D:2      | 1766 ||| DROPPING potion of lignification.
  1994 | D:3      | Found Uhokk's Assorted Antiques.
  2003 | D:3      | 2003 ||| BUYING 2 grey potions (48 gold).
  2003 | D:3      | Bought 2 grey potions for 48 gold pieces
  2003 | D:3      | 2003 ||| SHOPLISTING encrusted ring mail (243 gold, have
                  | 147).
  2003 | D:3      | 2003 ||| BUYING fizzy ruby potion (24 gold).
  2003 | D:3      | Bought a fizzy ruby potion for 24 gold pieces
  2003 | D:3      | 2003 ||| BUYING scroll labelled ZUFEPE HUFFOB (27 gold).
  2003 | D:3      | Bought a scroll labelled ZUFEPE HUFFOB for 27 gold pieces
  2003 | D:3      | 2003 ||| BUYING scroll of identify (54 gold).
  2003 | D:3      | Bought a scroll of identify for 54 gold pieces
  2020 | D:3      | 2020 ||| SWAPPING to +0 vampiric hand axe.
  2059 | D:3      | Found Natefoe's Distillery.
  2068 | D:3      | Gained mutation: You regenerate magic rapidly. [demonic
                  | ancestry]
  2068 | D:3      | Reached XP level 4. HP: 35/35 MP: 0/5
  2076 | D:3      | HP: 5/35 [orc/+2 morningstar of protection (13)]
  2077 | D:3      | 2077 ||| READING 4 scrolls of teleportation.
  2078 | D:3      | 2078 ||| INVOKING Fiery Armour.
  2079 | D:3      | Found a runed translucent door.
  2079 | D:3      | Noticed Crazy Yiuf
  2080 | D:3      | 2080 ||| READING 3 scrolls of teleportation.
  2080 | D:3      | Mangled by Crazy Yiuf

Levels and vault maps discovered:
D:1:      minmay_arrival_loop, layout_loops_ring,
          hellmonk_ecumenical_altar_lost_god, minmay_vboxes
D:2:      layout_loops_cross
D:3:      layout_rooms, nicolae_uskayaw_murder_on_the_dancefloor, serial_shops,
          nicolae_shop_crystal, nicolae_shop_stone, nicolae_shop_hallway_stairs,
          grunt_ministairs_1, corexii_corridor_pit, uniq_crazy_yiuf_cottage

Skill      XL: |  1  2 |
---------------+-------+-----
Axes           | 3 4 |  4.5
Fighting       | |  3.0
Dodging        | |  0.2
Spellcasting   | |  1.0
Fire Magic     | |  2.6

Action                   |  1- 3 |  4- 6 || total
-------------------------+-------+-------++-------
Melee: Hand axe          |   115 |    10 ||   125
       Punch             |     2 |       ||     2
Invok: Fiery Armour      |     1 |     1 ||     2
  Use: Scroll            |     7 |     2 ||     9
Armor: Robe              |    10 |       ||    10
       Ring mail         |    22 |     4 ||    26
Dodge: Dodged            |    60 |     6 ||    66

Table legend:
 A = Non-vault XP
 B = Vault XP
 C = Vault XP percentage of total XP
 D = Non-vault monster count
 E = Vault monster count
 F = Vault count percentage of total count
                 A         B        C        D         E       F
            +---------+---------+-------+---------+---------+-------
      Total |      93 |      12 |  11.4 |      38 |       7 |  15.6
            +---------+---------+-------+---------+---------+-------
        D:1 |      30 |      10 |  25.0 |      19 |       6 |  24.0
        D:2 |      32 |       0 |   0.0 |      10 |       0 |   0.0
        D:3 |      31 |       2 |   6.1 |       9 |       1 |  10.0
            +---------+---------+-------+---------+---------+-------
